 Dungeon Crawl Stone Soup version 0.29-a0-330-g52719c12eb (webtiles) character file.

Game seed: 1546564384203345865

9 kae the Firebug (level 1, -1/14 HPs)
             Began as a Demigod Fire Elementalist on Apr 23, 2022.
             Slain by a ball python (3 damage)
             ... on level 1 of the Dungeon.
             The game lasted 00:00:13 (226 turns).

kae the Firebug (Demigod Fire Elementalist)          Turns: 226, Time: 00:00:14

Health: -1/14      AC:  2    Str:  9    XL:     1   Next: 86%
Magic:  4/5        EV:  9    Int: 17    God:
Gold:   43         SH:  0    Dex: 14    Spells: 2/3 levels left

rFire   . . .      SeeInvis .   c - +0 dagger
rCold   . . .      Faith    .   (no shield)
rNeg    . . .      Spirit   .   a - +0 robe
rPois   .          Reflect  .   (no helmet)
rElec   .          Harm     .   (no cloak)
rCorr   .          Rampage  .   (no gloves)
Will    .....                   (no boots)
Stlth   ++........              (no amulet)
HPRegen 0.04/turn               (no ring)
MPRegen 0.09/turn               (no ring)

@: very slightly contaminated, constricted
A: high MP 1, forlorn, divine attributes
a: no special abilities


You were on level 1 of the Dungeon.
You visited 1 branch of the dungeon, and saw 1 of its levels.

You collected 43 gold pieces.

Inventory:

Hand Weapons
 c - a +0 dagger (weapon)
Armour
 a - a +0 robe (worn)
Scrolls
 d - a scroll of identify {unknown}
 e - a scroll of summoning {unknown}


   Skills:
 - Level 1.7 Dodging
 - Level 1.7 Stealth
 + Level 1.9 Spellcasting
 + Level 1.1 Conjurations
 * Level 3.0 Fire Magic


You had 2 spell levels left.
You knew the following spells:

 Your Spells              Type           Power      Damage    Failure   Level
a - Foxfire               Conj/Fire      32%        2x1d5     9%          1

Your spell library contained the following spells:

 Spells                   Type           Power      Damage    Failure   Level
 Scorch                   Fire           22%        2d6       9%          2
 Conjure Flame            Conj/Fire      8%         6-21      24%         3
 Inner Flame              Hex/Fire       6%         N/A       30%         3
 Flame Wave               Conj/Fire      8%         2d5       63%         4


Dungeon Overview and Level Annotations

Branches:
Dungeon (1/15)


Innate Abilities, Weirdness & Mutations

You have an increased reservoir of magic. (+10% MP)
You shall have no god before yourself.
Your divine heritage dramatically boosts your attributes as you level up.


Message History

The kobold shouts!
The giant cockroach closely misses you. x2
Casting: Foxfire (safe; 9% risk of failure)
Confirm with . or Enter, or press ? or * to list all spells.
You conjure some foxfire!
The ball python bites you. The ball python closely misses you.
The giant cockroach closely misses you.
The foxfire hits the giant cockroach but does no damage.
The giant cockroach is lightly wounded.
The foxfire hits the giant cockroach but does no damage.
The giant cockroach is lightly wounded.
The ball python barely misses you. The ball python grabs you.
The ball python constricts you. The giant cockroach bites you.
The ball python bites you. The ball python constricts you.
Casting: Foxfire (safe; 9% risk of failure)
Confirm with . or Enter, or press ? or * to list all spells.
You conjure some foxfire!
The giant cockroach closely misses you. The ball python bites you.
The ball python constricts you.
The foxfire hits the giant cockroach but does no damage.
The giant cockroach is lightly wounded.
The foxfire hits the giant cockroach.
The giant cockroach is almost dead.
The giant cockroach bites you but does no damage.
The ball python bites you.
* * * LOW HITPOINT WARNING * * *
The ball python constricts you.
Casting: Foxfire (safe; 9% risk of failure)
Confirm with . or Enter, or press ? or * to list all spells.
You miscast Foxfire.
Nothing appears to happen.
The giant cockroach bites you but does no damage.
The ball python closely misses you. The ball python constricts you.
The giant cockroach completely misses you.
Magic courses through your body. The ball python bites you.
* * * LOW HITPOINT WARNING * * *
The ball python constricts you.
The giant cockroach waves its antennae.
The giant cockroach barely misses you.
Casting: Foxfire (safe; 9% risk of failure)
Confirm with . or Enter, or press ? or * to list all spells.
You conjure some foxfire!
The ball python bites you.
You die...

######## ######......######.
#....#.............
##....#.........## #
#.....#.........# ####.
######.#..##.....S#+##......
...........†...v@BlK.').....
####...###)....v.##.##......
##.....#.........##.# ####.
#..#...#.......####.#
.......#.......# #.#
.....###....#### #.# .....#
#....# #.# .....# #....# #..
.....# ###### ...


You could see a giant cockroach (ally target), a ball python, a kobold and a
frilled lizard.

Vanquished Creatures
  An endoplasm (D:1)
  2 goblins (D:1)
  3 hobgoblins (D:1)
  A frilled lizard (D:1)
7 creatures vanquished.

Vanquished Creatures (others)
  22 foxfires (D:1)
22 creatures vanquished.

Grand Total: 29 creatures vanquished

Notes
Turn   | Place    | Note
-------+----------+-------------------------------------------
     0 | D:1      | kae the Demigod Fire Elementalist began the quest for the
                  | Orb.
     0 | D:1      | Reached XP level 1. HP: 14/14 MP: 5/5
    56 | D:1      | Reached skill level 1 in Conjurations
   131 | D:1      | Reached skill level 3 in Fire Magic
   226 | D:1      | Slain by a ball python

Illustrated notes

Levels and vault maps discovered:
D:1:      psy_arrival_conway, layout_basic, ebering_ecumenical_altar_abandoned,
          serial_shops, nicolae_shop_temple_entry_statues_fountains,
          chequers_serial_rivers_micro_b

Skill      XL: |  1 |
---------------+----+-----
Conjurations   | 1 |  1.1
Fire Magic     | 3 |  3.0
Dodging        | |  1.7
Stealth        | |  1.7
Spellcasting   | |  1.9

Action                   || total
-------------------------++-------
 Cast: Foxfire           ||    13
  Use: Potion            ||     1
Armor: Robe              ||     3
Dodge: Dodged            ||    13

Table legend: (Time is in decaauts)
 A = Elapsed time spent in this place.
 B = Non-inter-level travel time spent in this place.
 C = Inter-level travel time spent in this place.
 D = Time resting spent in this place.
 E = Time spent auto-exploring this place.
 F = Levels seen in this place.
 G = Mean time per level.
                   A        B        C        D        E       F      G
               +--------+--------+--------+--------+--------+-----+--------+
         Total |    230 |    230 |      0 |      0 |    182 |   1 |  230.0 |
       Dungeon |    230 |    230 |      0 |      0 |    182 |   1 |  230.0 |
               +--------+--------+--------+--------+--------+-----+--------+

Top non-repeatable levels by time:
     D:1: 230 daAuts
